 Dungeon Crawl Stone Soup version 0.32-a0-35-gd9ff480968 (webtiles) character file.

Game seed: 11933085225591685416

1417436 Ge0ff the Spear-Bearer (level 26, 216/216 HPs)
             Began as a Merfolk Chaos Knight on Jan 21, 2024.
             Was the Champion of Ashenzari.
             Escaped with the Orb
             ... and 3 runes on Jan 22, 2024!
             The game lasted 03:19:28 (91490 turns).

Ge0ff the Spear-Bearer (Merfolk Chaos Knight)      Turns: 91490, Time: 03:19:29

Health: 216/216    AC: 22    Str: 20    XL:     26   Next: 4%
Magic:  46/46      EV: 22    Int: 28    God:    Ashenzari [******]
Gold:   477        SH:  9    Dex: 17    Spells: 5/64 levels left

rFire   + . .        a - +9 demon trident of Ashenzari's Omen {elec, Self, Fort} (curse)
rCold   + + .        D - +0 buckler of the Eternal Shame {Comp, Dev} (curse)
rNeg    + . .        L - +1 leather armour "Prophetic Loss" {rElec Will+ rCorr Int+3, Sorc, Comp} (curse)
rPois   .            k - +2 helmet of the Ruined Activism {Comp, Sorc} (curse)
rElec   +            P - scarf of Ashenzari's Regret {rC+ rF+, Self, Sorc} (curse)
rCorr   +            e - +1 pair of gloves of the Esoteric Urgency {Int+4, Bglg, Sorc} (curse)
SInv    +            Q - +3 pair of mountain boots {steadfast, rC+, Fort, Comp} (curse)
Will    +++..        w - amulet of the Profound Sybil {Regen+, Fort, Comp} (curse)
Stlth   +++          b - ring "Oracular Asceticism" {Wiz rN+ Will+ Str+3, Comp, Bglg} (curse)
HPRegen 1.36/turn    t - ring of Ashenzari's Sun {rElec AC+4 Int+4 Stlth+, Self, Cun} (curse)
MPRegen 0.30/turn

%: clarity, wizardry (x1)
@: studying 5 skills
A: (nimble swimmer 2), mertail, thin skeletal structure 1, wild magic 1,
persistent drain
0: Orb of Zot
}: 3/15 runes: barnacled, abyssal, gossamer
a: Renounce Religion, Shatter the Chains


You escaped.
You worshipped Ashenzari.
Ashenzari was exalted by your worship.
You visited 10 branches of the dungeon, and saw 47 of its levels.
You visited the Abyss 2 times.
You also visited: Ossuary, Bailey, Ice Cave and Desolation.

You collected 6670 gold pieces.
You spent 6193 gold pieces at shops.

Inventory:

Hand Weapons
 a - the cursed +9 demon trident of Ashenzari's Omen (weapon) {elec, Self, Fort}
   (You took it off Louise on level 15 of the Dungeon)

   It has a curse which improves the following skills: Introspection: Fighting
   and Spellcasting.
   Fortitude: Armour and Shields.
 Y - the +10 trident of Massacring {flame, rElec rPois rC+ Str+3}
   (You took it off a ragged hierophant in the Desolation of Salt)

   Str+3:     It affects your strength (+3).
   rC+:       It protects you from cold.
   rElec:     It insulates you from electricity.
   rPois:     It protects you from poison
Missiles
 g - 3 throwing nets {=F}
 h - 41 boomerangs (quivered)
 i - 22 silver javelins
 v - 7 curare-tipped darts {=F}
 x - 20 javelins
 G - 6 darts of dispersal
Armour
 e - the cursed +1 pair of gloves of the Esoteric Urgency (worn) {Int+4, Bglg, Sorc}
   (You acquired it on level 5 of the Dungeon)

   Int+4:     It affects your intelligence (+4).
   It has a curse which improves the following skills: Beguiling: Hexes and
   Translocations.
   Sorcery:   Conjurations and Alchemy.
 f - a +2 hat of willpower
 k - the cursed +2 helmet of the Ruined Activism (worn) {Comp, Sorc}
   (You found it on level 5 of the Lair of Beasts)

   It has a curse which improves the following skills: Companions: Summonings
   and Necromancy.
   Sorcery:   Conjurations and Alchemy.
 A - the +4 faerie dragon scales {rPois rCorr Slay+2 SInv Stlth+}
   (You took it off the Enchantress on level 2 of the Depths)

   Slay+2:    It affects your accuracy & damage with ranged weapons and melee
   (+2).
   rPois:     It protects you from poison SInv: It lets you see invisible.
   rCorr:     It protects you from acid and corrosion.
   Stlth+:    It makes you more stealthy.
 D - the cursed +0 buckler of the Eternal Shame (worn) {Comp, Dev}
   (You found it in an ossuary)

   It has a curse which improves the following skills: Companions: Summonings
   and Necromancy.
   Devices:   Evocations and Shapeshifting.
 L - the cursed +1 leather armour "Prophetic Loss" (worn) {rElec Will+ rCorr Int+3, Sorc, Comp}
   (You found it on level 3 of the Shoals)

   Int+3:     It affects your intelligence (+3).
   rElec:     It insulates you from electricity.
   Will+:     It increases your willpower.
   rCorr:     It protects you from acid and corrosion.
   It has a curse which improves the following skills: Sorcery: Conjurations and
   Alchemy.
   Companions: Summonings and Necromancy.
 P - the cursed scarf of Ashenzari's Regret (worn) {rC+ rF+, Self, Sorc}
   (You found it on level 4 of the Spider Nest)

   It has a curse which improves the following skills: Introspection: Fighting
   and Spellcasting.
   Sorcery:   Conjurations and Alchemy.
 Q - the cursed +3 pair of mountain boots (worn) {steadfast, rC+, Fort, Comp}
   (You bought it in a shop on level 1 of the Elven Halls)

   Steadfast: It prevents involuntary movement, except for blinking,
   teleportation, or banishment.
   rC+:       It protects you from cold.
   It has a curse which improves the following skills: Fortitude: Armour and
   Shields.
   Companions: Summonings and Necromancy.
Jewellery
 b - the cursed ring "Oracular Asceticism" (left hand) {Wiz rN+ Will+ Str+3, Comp, Bglg}
   (You found it on level 1 of the Vaults)

   [ring of wizardry]

   Wiz:       It improves your spell success rate.
   Str+3:     It affects your strength (+3).
   rN+:       It protects you from negative energy.
   Will+:     It increases your willpower.
   It has a curse which improves the following skills: Companions: Summonings
   and Necromancy.
   Beguiling: Hexes and Translocations.
 t - the cursed ring of Ashenzari's Sun (right hand) {rElec AC+4 Int+4 Stlth+, Self, Cun}
   (You found it on level 8 of the Dungeon)

   [ring of protection]

   AC+4:      It affects your AC (+4).
   Int+4:     It affects your intelligence (+4).
   rElec:     It insulates you from electricity.
   Stlth+:    It makes you more stealthy.
   It has a curse which improves the following skills: Introspection: Fighting
   and Spellcasting.
   Cunning:   Dodging and Stealth.
 w - the cursed amulet of the Profound Sybil (around neck) {Regen+, Fort, Comp}
   (You bought it in a shop on level 1 of the Vaults)

   [amulet of regeneration]

   Regen+:    It increases your rate of health regeneration.
   It has a curse which improves the following skills: Fortitude: Armour and
   Shields.
   Companions: Summonings and Necromancy.
Wands
 d - a wand of digging (1)
 j - a wand of acid (37)
 p - a wand of paralysis (11)
 r - a wand of roots (26)
 s - a wand of mindburst (8)
Scrolls
 y - 7 scrolls of immolation
 B - 6 scrolls of blinking
 C - 4 scrolls of poison
 E - 9 scrolls of fear
 F - 11 scrolls of fog
 J - 2 scrolls of silence {!r}
 S - 3 scrolls of butterflies
 T - 14 scrolls of teleportation
 V - 8 scrolls of vulnerability
Potions
 o - 17 potions of ambrosia
 q - 27 potions of curing
 u - 10 potions of mutation {!q}
 z - 2 potions of brilliance
 H - 6 potions of haste {!q}
 I - 5 potions of invisibility
 K - 2 potions of magic {!q}
 M - 8 potions of might
 N - 3 potions of cancellation {!q}
 R - 4 potions of resistance
 W - 13 potions of heal wounds {!q}
 X - 10 potions of enlightenment
 Z - 7 potions of berserk rage {!q}
Miscellaneous
 c - a condenser vane (inert)
 l - a lightning rod (inert)
 n - a phial of floods
 O - a box of beasts
 U - a phantom mirror


   Skills:
 - Level 14.9(19.5) Fighting
 - Level 14.9 Polearms
 + Level 10.8 Throwing
 - Level 14.9(19.5) Armour
 - Level 14.9(17.2) Dodging
 - Level 11.6(14.0) Stealth
 - Level 14.9(19.5) Shields
 - Level 14.9(19.5) Spellcasting
 - Level 9.3(15.0) Conjurations
 - Level 8.8(12.4) Hexes
 - Level 14.9(22.4) Summonings
 - Level 4.9(11.6) Necromancy
 - Level 6.7(10.3) Translocations
 + Level 12.3 Earth Magic
 - Level 9.0(14.6) Alchemy
 - Level 12.6(15.0) Evocations


You had 5 spell levels left.
You knew the following spells:

 Your Spells              Type           Power      Damage    Failure   Level
a - Sublimation of Blood  Necr           88%        N/A       1%          2
d - Iskenderun's Mystic   Conj/Tloc      91%        2d18      1%          4
f - Dragon's Call         Summ           57%        N/A       11%         9
g - Apportation           Tloc           100%       N/A       1%          1
h - Lee's Rapid Deconstr  Erth           45%        3d22*     1%          5
k - Borgnjor's Vile Clut  Necr/Erth      44%        N/A       1%          5
m - Martyr's Knell        Necr/Summ      100%       N/A       1%          4
n - Dispel Undead         Necr           88%        3d28      1%          4
s - Monstrous Menagerie   Summ           57%        N/A       1%          7
v - Summon Mana Viper     Hex/Summ       100%       N/A       1%          5
w - Passwall              Erth           90%        N/A       1%          3
y - Yara's Violent Unrav  Hex/Alch       47%        3d18      1%          5
E - Irradiate             Conj/Alch      48%        3d27      1%          5

Your spell library contained the following spells:

 Spells                   Type           Power      Damage    Failure   Level
 Freeze                   Ice            100%       1d10      1%          1
 Kiss of Death            Conj/Necr      100%       2d13      1%          1
 Necrotise                Necr           100%       1d9       1%          1
 Shock                    Conj/Air       100%       1d9       1%          1
 Sting                    Conj/Alch      100%       1d9       1%          1
 Summon Small Mammal      Summ           100%       N/A       1%          1
 Cigotuvi's Dreadful Rot  Necr/Alch/Air  100%       N/A       1%          2
 Ensorcelled Hibernation  Hex/Ice        100%       N/A       1%          2
 Jinxbite                 Hex            100%       N/A       1%          2
 Mercury Vapours          Alch/Air       100%       N/A       1%          2
 Fugue of the Fallen      Necr           88%        N/A       1%          3
 Gell's Gravitas          Tloc           84%        N/A       1%          3
 Hailstorm                Conj/Ice       74%        3d13      1%          3
 Inner Flame              Hex/Fire       69%        N/A       1%          3
 Summon Ice Beast         Ice/Summ       87%        N/A       1%          3
 Teleport Other           Tloc           84%        N/A       1%          3
 Tukima's Dance           Hex            90%        N/A       1%          3
 Vampiric Draining        Necr           88%        2d12      1%          3
 Animate Armour           Summ/Erth      100%       N/A       1%          4
 Animate Dead             Necr           88%        N/A       1%          4
 Brom's Barrelling Bould  Conj/Erth      94%        2d10      1%          4
 Cause Fear               Hex            45%        N/A       1%          4
 Dimensional Bullseye     Hex/Tloc       43%        N/A       1%          4
 Flame Wave               Conj/Fire      74%        2d16      1%          4
 Ignite Poison            Fire/Alch      73%        N/A       1%          4
 Leda's Liquefaction      Alch/Erth      46%        N/A       1%          4
 Manifold Assault         Tloc           84%        N/A       1%          4
 Passage of Golubria      Tloc           84%        N/A       1%          4
 Petrify                  Alch/Erth      93%        N/A       1%          4
 Sticky Flame             Fire/Alch      73%        2d12      1%          4
 Summon Lightning Spire   Summ/Air       87%        N/A       1%          4
 Vhi's Electric Charge    Tloc/Air       100%       N/A       1%          4
 Alistair's Intoxication  Alch           64%        N/A       1%          5
 Arcjolt                  Conj/Air       37%        1d47      1%          5
 Curse of Agony           Necr           88%        N/A       1%          5
 Fireball                 Conj/Fire      37%        3d15      1%          5
 Iskenderun's Battlesphe  Conj           98%        2d14      1%          5
 Summon Forest            Summ/Tloc      50%        N/A       1%          5
 Metabolic Englaciation   Hex/Ice        34%        N/A       2%          5
 Silence                  Hex/Air        34%        N/A       2%          5
 Frozen Ramparts          Ice            70%        1d11      3%          3
 Ozocubu's Armour         Ice            35%        N/A       3%          3
 Swiftness                Air            35%        N/A       3%          3
 Freezing Cloud           Conj/Ice/Air   32%        6-21      4%          5
 Airstrike                Air            17%        2d(3-19)  10%         4
 Bombard                  Conj/Erth      47%        9d8       1%          6
 Death Channel            Necr           44%        N/A       1%          6
 Eringya's Noxious Bog    Alch           48%        4d6       1%          6
 Summon Cactus Giant      Summ           57%        N/A       1%          6
 Dispersal                Tloc           42%        N/A       2%          6
 Orb of Destruction       Conj           49%        9d13      2%          7
 Enfeeble                 Hex            45%        N/A       5%          7
 Conjure Ball Lightning   Conj/Air       37%        3x3d12    7%          6
 Sculpt Simulacrum        Ice/Alch       36%        N/A       8%          6
 Lehudib's Crystal Spear  Conj/Erth      47%        10d11     21%         8
 Disjunction              Tloc           42%        N/A       58%         8
 Plasma Beam              Fire/Air       17%        2x1d29    75%         6
 Ignition                 Fire           17%        3d7       100%        8


Dungeon Overview and Level Annotations

Branches:
Dungeon (15/15)            Temple (1/1) D:6            Lair (5/5) D:10
 Shoals (4/4) Lair:2       Spider (4/4) Lair:3        Slime (0/5) Lair:4
    Orc (2/2) D:11            Elf (3/3) Orc:2        Vaults (4/5) D:14
  Crypt (0/3) Vaults:3     Depths (4/4) D:15            Zot (5/5) Depths:4
Ossuary (visited)          Bailey (visited)           IceCv (visited)
Desolation (visited)

Altars:
Ashenzari
Cheibriados
Dithmenos
Elyvilon
Fedhas
Gozag
Hepliaklqana
Kikubaaqudgha
Makhleb
Nemelex Xobeh
Okawaru
Qazlal
Ru
Sif Muna
Trog
Uskayaw
Vehumet
Wu Jian
Xom
Yredelemnul
Zin
The Shining One
Jiyva

Shops:
D:8 !   D:12 ([   Orc:1 ?   Orc:2 ::?(   Elf:1 =[[?(   Shoals:2 *
Vaults:1 ==!   Vaults:2 =:(?!   Vaults:4 *   Depths:2 *   Depths:4 (

Portals:
Hell: Depths:1 Depths:2 Depths:3 Depths:4
Abyss: Depths:1 Depths:3
Pandemonium: Depths:2 Depths:4
Ziggurat: Depths:1


Innate Abilities, Weirdness & Mutations

((You are very nimble when in or above water. (Stealth+, EV+, Speed+++)))
Your lower body shifts to a powerful aquatic tail in water.
You have a somewhat thin skeletal structure. (Dex +2, Stealth+)
Your spells are a little harder to cast, but a little more powerful.
Your health recovers twice as slowly from being drained.


Message History

The thunderbolt hits the golden eye!!
You kill the golden eye!
The lightning rod overheats!
HP restored.
You sense a monster nearby.
An Orb Guardian comes into view.
There is a stone staircase leading up here.
You climb upwards.
There is a stone staircase leading down here.
You see here a +0 war axe.
There is a stone staircase leading up here.
You climb upwards.
There is a stone staircase leading down here.
Things that are here:
a +0 short sword; a +0 dagger
There is a stone staircase leading up here.
You climb upwards.
There is a stone staircase leading down here.
There is a stone staircase leading up here.
You climb upwards.
There is a stone staircase leading down here.
There is a stone staircase leading up here.
You climb upwards.
There is a stone staircase leading down here.
There is a stone staircase leading up, spattered with blood here.
You climb upwards.
There is a stone staircase leading down here.
An Orb Guardian comes into view.
Things that are here:
a +0 chain mail; a +0 morningstar The Orb Guardian moves out of view.
There is a stone staircase leading up here.
You climb upwards.
There is a stone staircase leading down, spattered with blood here.
There is a stone staircase leading up here.
You climb upwards.
There is a stone staircase leading down here.
There is a stone staircase leading up here.
You climb upwards.
There is a stone staircase leading down here.
There is an open door here.
You see here a +0 rapier.
There is a stone staircase leading up here.
You climb upwards.
There is a stone staircase leading down here.
Your legs become a tail as you enter the water.
The cursed +3 pair of mountain boots {steadfast, rC+, Fort, Comp} melds into your body.
The cursed +3 pair of mountain boots {steadfast, rC+, Fort, Comp} unmelds from your body.
There is a staircase leading out of the dungeon here.
You have escaped!

........###.##..###.#
##..# .#.....##
#.###.# #.# ##.#
.##...## #.# #.# #.#
#####.# .###+##
#.###.###.# #.....#
## #.# #.........#
#.##### #
#.######.~~~.#####
#.# ####.#...##~~~~~#
#.#
..#....#####~~♣###
#.# #......#
#.##~##@# #.# ##
.......# #...~...#
#.######.
#.##...###.##~##.#
#........
#........###♣~♣###
############
...>.....##♣~~~~#
##≈≈≈≈≈###
####.######.~~~.#
###≈≈≈≈≈≈≈≈# ###.###
###♣### #≈≈≈≈≈≈≈≈≈≈##
##.....#
#≈≈≈≈≈≈≈≈≈≈≈##
...#.#.#
##≈≈≈#####≈≈≈≈##


There were no monsters in sight!

Vanquished Creatures
  2 dread liches
  Sojobo (Depths:1)
  A Killer Klown (Zot:5)
  the Enchantress (Depths:2)
  6 Orb Guardians
  A walking crystal tome (Depths:2)
  2 deep elf blademasters (Elf:3)
  A walking frostbound tome (Depths:2)
  A lich (Depths:3)
  A deep elf master archer (Elf:3)
  A sphinx (Shoals:4)
  A death cob (Zot:5)
  A tengu reaver (Depths:1)
  A shadow dragon (Depths:3)
  A storm dragon (Zot:5)
  A thorn hunter (Abyss:4)
  2 fire giants
  3 emperor scorpions
  3 deep elf sorcerers (Elf:3)
  2 vault wardens (Vaults:1)
  An orc warlord (Vaults:2)
  A frost giant (Depths:3)
  A caustic shrike zombie (Abyss:3)
  An ironbound preserver (Vaults:3)
  2 ghost moths
  An iron dragon (Depths:3)
  A reaper (Depths:4)
  4 spriggan defenders
  A broodmother (Spider:4)
  A deep elf elementalist (Elf:3)
  4 stone giants
  A very ugly thing (Abyss:4)
  A formless jellyfish (Vaults:1)
  5 deep elf annihilators (Elf:3)
  6 deep elf demonologists
  2 ironbound thunderhulks
  4 deep elf death magi
  A halazid warlock (Desolation)
  2 minotaurs (Shoals:4)
  2 dire elephants
  2 purple draconians
  2 red draconians
  A crystal guardian (Vaults:4)
  2 yaktaur captains
  A merfolk impaler (Shoals:4)
  An entropy weaver (shapeshifter) (Elf:3)
  An entropy weaver (Spider:4)
  2 ettins
  2 ragged hierophants (Desolation)
  4 great orbs of eyes
  A rakshasa (D:15)
  2 hydras
  2 servants of whispers (Desolation)
  A deep elf high priest (Elf:3)
  2 peacekeepers
  Harold (Orc:1)
  3 centaur warriors
  2 vault guards (Vaults:1)
  An ironbound frostheart (Vaults:3)
  An ogre mage (D:11)
  2 satyrs (Shoals:4)
  A two-headed ogre (D:15)
  2 deep troll earth magi
  19 dancing weapons
  A deep troll shaman (Depths:2)
  A boulder beetle (Spider:2)
  3 demonic crawlers
  A shock serpent (Depths:2)
  A spriggan berserker (Depths:2)
  An orc high priest (Orc:2)
  A soul eater (Depths:1)
  10 deep elf knights
  A thrashing horror (Abyss:1)
  2 hell knights
  A skyshark (Shoals:2)
  A spatial maelstrom (Abyss:1)
  A sixfirhy (Depths:1)
  A shadow wraith (Vaults:1)
  2 sea snakes
  A pharaoh ant (Spider:1)
  A sun moth (Spider:2)
  A flayed ghost (Vaults:1)
  2 arcanists
  A large abomination (Abyss:2)
  4 deep trolls
  A spark wasp zombie (Depths:2)
  2 glowing orange brains
  A lindwurm (Vaults:4)
  5 ironbound convokers
  10 deep elf archers
  5 deep elf pyromancers
  3 orc knights
  11 harpies
  3 steelbarb worms (Spider:2)
  2 necromancers
  13 deep elf zephyrmancers
  3 manticores
  4 ugly things
  8 wolf spiders
  3 cyclopes (D:11)
  2 orc sorcerers
  2 worldbinders (Abyss:4)
  6 moths of wrath
  4 meliai
  A guardian serpent (Desolation)
  A vault sentinel (Vaults:3)
  A merfolk siren (Shoals:4)
  3 torpor snails
  A water nymph (Abyss:4)
  An eye of devastation (Abyss:2)
  Joseph (D:7)
  A hellion (Depths:4)
  3 cane toads
  A centaur skeleton (D:15)
  An efreet (Zot:4)
  A tormentor (Depths:4)
  3 freezing wraiths
  4 komodo dragons
  4 yaktaurs
  2 trolls
  7 merfolk
  A hornet (Lair:3)
  A wind drake (shapeshifter) (D:11)
  7 blink frogs
  3 tarantellas
  4 wind drakes
  10 saltlings (Desolation)
  Prince Ribbit (D:8)
  A raiju (Abyss:2)
  3 dream sheep
  A snapping turtle (Shoals:2)
  A slime creature (Vaults:1)
  7 jumping spiders
  2 culicivoras
  A water elemental (Shoals:1)
  5 wyverns
  A dire elephant simulacrum (IceCv)
  A spriggan (Depths:2)
  A spriggan (shapeshifter) (D:11)
  A shadow (D:9)
  12 yaks
  A vampire (D:10)
  A basilisk (D:13)
  A wraith (D:9)
  5 golden eyes (D:11)
  4 steam dragons
  A vampire mosquito (D:11)
  A warg (Orc:1)
  A death yak simulacrum (IceCv)
  15 redbacks
  Edmund (D:4)
  A harpy simulacrum (IceCv)
  Duvessa (D:6)
  3 acid dragons
  5 water moccasins
  2 hell hounds
  11 orc warriors
  6 sky beasts
  3 black bears
  A laughing skull (Abyss:4)
  5 ogres
  2 small abominations
  2 wolves (Lair:1)
  5 centaurs
  2 phantoms
  9 nameless horrors
  2 kobold brigands
  6 bullfrogs
  An earth elemental (Elf:3)
  4 gnoll sergeants
  3 scorpions
  A cane toad simulacrum (IceCv)
  5 water moccasin zombies (Ossuary)
  6 wights
  A burial acolyte (Ossuary)
  Dowan (D:6)
  2 killer bees (D:13)
  4 bombardier beetles
  5 hounds (D:6)
  13 orc priests
  A gnoll bouda (D:10)
  A jelly (D:5)
  3 sleepcaps
  2 iguanas
  20 orc wizards
  A bullfrog simulacrum (Ossuary)
  2 crocodile zombies (Ossuary)
  2 mummies (Ossuary)
  17 gnolls
  7 adders
  2 shadow imps
  5 ufetubi
  4 adder zombies (Ossuary)
  2 ribbon worms
  4 dart slugs
  54 orcs
  5 bats
  3 endoplasms
  2 giant cockroaches (D:2)
  10 gnoll zombies (Ossuary)
  8 goblins
  8 hobgoblins
  A jackal (D:3)
  3 quokkas
  10 ball pythons
  A frilled lizard (D:1)
  8 jackal zombies (Ossuary)
  15 kobolds
  2 orc zombies (Ossuary)
  4 rats
  2 tentacles (Shoals:4)
711 creatures vanquished.

Vanquished Creatures (collateral kills)
  Frederick (Depths:3)
  4 orbs of fire (Zot:5)
  An ancient lich (Zot:5)
  Mara (Vaults:4)
  Boris (Depths:2)
  Vv (Depths:3)
  Parghit (Depths:3)
  Saint Roka (Depths:2)
  Margery (Depths:3)
  2 Killer Klowns (Zot:5)
  A caustic shrike (Depths:3)
  3 golden dragons
  Nikola (Depths:1)
  3 bone dragons
  Arachne (Spider:3)
  Jory (Depths:3)
  3 electric golems
  A hellephant (Depths:3)
  5 tentacled monstrosities
  Rupert (Orc:2)
  2 liches (Depths:3)
  Jorgrun (D:15)
  3 titans
  18 Orb Guardians
  A walking earthen tome (Depths:2)
  3 deep elf master archers
  3 quicksilver dragons
  2 tentacled starspawn (Abyss:1)
  6 sphinxes
  4 death cobs
  A kraken (Shoals:4)
  Kirke (D:13)
  4 storm dragons
  3 tengu reavers
  Agnes (D:15)
  2 shadow dragons
  3 draconian shifters
  A draconian knight (Zot:5)
  3 deep elf sorcerers
  A protean progenitor (Zot:5)
  A draconian monk (Zot:1)
  3 imperial myrmidons (Desolation)
  3 caustic shrike zombies
  Louise (D:15)
  An iron dragon (Vaults:2)
  4 frost giants
  A draconian scorcher (Zot:5)
  7 fire giants
  12 vault wardens
  3 emperor scorpions (Spider:4)
  A draconian stormcaller (Depths:4)
  3 ghost moths (Spider:4)
  A reaper (Depths:4)
  9 stone giants
  The ghost of Lech the Eclecticist, an adept DECj of Sif Muna (Depths:2)
  12 ironbound preservers
  3 very ugly things (Depths:3)
  The ghost of Xoh Arhiasm the Grappler, a journeyman TrWr of Uskayaw (Lair:3)
  3 formless jellyfish
  2 orc warlords (Vaults:2)
  3 ironbound thunderhulks
  4 green draconians
  3 deep elf demonologists
  A deep elf annihilator (Elf:1)
  6 white draconians
  4 spark wasps
  A minotaur (Shoals:4)
  4 deep elf death magi
  3 war gargoyles
  3 black draconians
  A starcursed mass (Abyss:1)
  4 dire elephants
  Azrael (Orc:2)
  3 yellow draconians
  2 green deaths
  5 purple draconians
  3 red draconians
  Josephine (D:13)
  2 blizzard demons
  4 merfolk impalers
  6 crystal guardians
  4 ettins
  3 entropy weavers
  3 merfolk javelineers
  12 fire dragons
  9 ragged hierophants (Desolation)
  2 deep elf high priests
  3 yaktaur captains
  7 vault guards
  5 servants of whispers (Desolation)
  4 hydras
  A great orb of eyes (Abyss:1)
  4 rakshasas
  9 ice dragons
  A catoblepas (Lair:3)
  5 peacekeepers
  An ogre mage (D:15)
  9 ironbound frosthearts
  2 alligator snapping turtles
  5 spriggan air magi
  10 dancing weapons
  4 centaur warriors
  3 merfolk avatars
  8 satyrs (Shoals:4)
  2 radroaches
  4 boulder beetles
  5 two-headed ogres
  8 deep troll shamans
  The ghost of LDflipp the Unseen, a journeyman KoBr of Wu Jian (Lair:1)
  3 deep troll earth magi
  4 tengu warriors
  A thrashing horror (Abyss:1)
  7 demonic crawlers
  4 naga sharpshooters (Depths:2)
  5 occultists
  2 vampire magi
  4 spriggan berserkers
  8 orc high priests
  6 hell knights
  6 deep elf knights
  6 skysharks
  3 iron trolls
  2 goliath frogs (Zot:5)
  3 sixfirhies (Depths:1)
  42 deep trolls
  3 pharaoh ants
  A wretched star (Abyss:1)
  A glowing orange brain (Abyss:2)
  5 orb spiders (Spider:4)
  A golden dragon zombie (Depths:2)
  9 deep elf archers
  2 flayed ghosts
  A goliath frog (shapeshifter) (Elf:3)
  An obsidian statue (Depths:1)
  A golden dragon skeleton (Depths:2)
  4 large abominations
  6 arcanists
  6 sea snakes
  11 ironbound convokers
  16 lindwurms
  2 shadow demons (Depths:2)
  An iron dragon zombie (Depths:2)
  An elf zombie (Vaults:4)
  7 steelbarb worms
  A phantasmal warrior (D:14)
  14 deep elf pyromancers
  29 harpies
  10 necromancers
  10 fauns (Shoals:4)
  16 wolf spiders
  Maurice (Orc:2)
  19 orc knights
  24 ugly things
  8 cyclopes
  9 deep elf zephyrmancers
  10 manticores
  8 orc sorcerers
  2 worldbinders
  14 meliai
  12 moths of wrath
  2 orange demons (Depths:1)
  7 black mambas
  4 water nymphs
  A guardian serpent (Desolation)
  3 kobold blastminers (Orc:1)
  2 rust devils
  9 vault sentinels
  An ice statue (IceCv)
  3 merfolk sirens
  A centaur zombie (D:15)
  2 torpor snails (Spider:4)
  A human zombie (Vaults:4)
  A centaur skeleton (D:15)
  3 smoke demons
  A molten gargoyle (Desolation)
  7 cane toads
  2 efreet
  39 yaktaurs
  2 hellions (Depths:1)
  10 ice devils (IceCv)
  2 anaconda simulacra (IceCv)
  An ancient zyme (Abyss:1)
  4 freezing wraiths (IceCv)
  2 rime drakes
  A kobold demonologist (D:13)
  A komodo dragon (shapeshifter) (Depths:3)
  7 komodo dragons
  2 tengu conjurers
  2 queen bees
  3 trolls
  24 merfolk
  5 wind drakes
  A shadow dragon simulacrum (Depths:2)
  6 hornets
  A polar bear (Lair:5)
  A glass eye (shapeshifter) (D:11)
  10 tarantellas
  6 dream sheep
  2 glass eyes
  40 saltlings (Desolation)
  2 raiju (Abyss:2)
  6 snapping turtles
  2 raiju (shapeshifter)
  8 blink frogs
  12 jumping spiders
  An iron dragon simulacrum (Depths:2)
  An air elemental (Elf:3)
  A centaur simulacrum (D:15)
  16 culicivoras
  22 slime creatures
  2 wyverns
  5 spriggans (Depths:2)
  15 water elementals
  A ynoxinul (Depths:1)
  An ettin skeleton (Vaults:4)
  13 yaks
  A yak (shapeshifter) (D:14)
  2 dire elephant simulacra (IceCv)
  3 basilisks
  A wyvern (shapeshifter) (D:15)
  5 wraiths
  3 wargs (Orc:2)
  A steam dragon (Lair:5)
  3 vampire mosquitoes (D:11)
  40 redbacks
  2 neqoxecs (Abyss:1)
  7 death yak simulacra (IceCv)
  An acid dragon (D:12)
  13 water moccasins
  A harpy simulacrum (IceCv)
  3 hell hounds (Orc:2)
  A hydra simulacrum (IceCv)
  7 nameless horrors
  A swamp drake (shapeshifter) (Abyss:1)
  34 orc warriors
  3 small abominations (Abyss:1)
  4 ogres
  8 wolves
  8 centaurs
  A kobold brigand (D:13)
  4 bullfrogs
  2 two-headed ogre simulacra (IceCv)
  A glowing shapeshifter simulacrum (Vaults:4)
  A gnoll sergeant (D:13)
  4 cane toad simulacra
  3 earth elementals
  6 elephant simulacra
  18 killer bees (D:13)
  5 jellies (Lair:4)
  23 orc priests
  8 orc wizards
  A spriggan simulacrum (IceCv)
  3 polar bear simulacra (IceCv)
  A wolf simulacrum (IceCv)
  4 gnolls (D:13)
  3 white imps
  2 ufetubi (Abyss:1)
  41 orcs
  3 endoplasms (Lair:4)
  6 kobolds (D:13)
  2 tentacles (Shoals:4)
1363 creatures vanquished.

Vanquished Creatures (others)
  A fire giant (Depths:2)
  A balrug (Depths:1)
  A deep elf annihilator (Elf:3)
  A deep elf knight (Elf:2)
  An orb spider (Spider:4)
  A deep elf pyromancer (Elf:1)
  A cane toad (Lair:5)
  A yaktaur (Vaults:4)
  A tarantella (Spider:4)
  A culicivora (Spider:2)
  A water elemental (Depths:3)
  5 humans (D:13)
  2 killer bees (D:13)
  A polar bear simulacrum (IceCv)
  4 gnolls (D:6)
  6 starspawn tentacles (Abyss:1)
  6 tentacles (Shoals:4)
35 creatures vanquished.

Grand Total: 2109 creatures vanquished

Notes
Turn   | Place    | Note
-------+----------+-------------------------------------------
     0 | D:1      | Ge0ff the Merfolk Chaos Knight began the quest for the Orb.
     0 | D:1      | Reached XP level 1. HP: 18/18 MP: 1/1
   154 | D:1      | Reached skill level 1 in Stealth
   351 | D:1      | Found a faded altar of an unknown god.
   593 | D:1      | Reached XP level 2. HP: 24/24 MP: 2/2
  1011 | D:2      | Reached skill level 1 in Armour
  1011 | D:2      | Reached XP level 3. HP: 7/29 MP: 3/3
  1157 | D:2      | XOM: smoke on damage
  1203 | D:2      | Reached skill level 5 in Polearms
  1408 | D:2      | Found a hazy altar of Hepliaklqana.
  1512 | D:2      | XOM: silly message
  1524 | D:2      | XOM: silly message
  1613 | D:3      | XOM: potion effect (haste)
  1624 | D:2      | Reached XP level 4. HP: 30/35 MP: 4/4
  1793 | D:3      | Found a snail-covered altar of Cheibriados.
  1902 | D:3      | XOM: smoke on damage
  1905 | D:3      | Reached XP level 5. HP: 31/41 MP: 5/5
  2443 | D:3      | XOM: divination: detect items
  2692 | D:3      | XOM: silly message
  2737 | D:3      | Found a basalt altar of Yredelemnul.
  2747 | D:3      | Found an ornate altar of the Wu Jian Council.
  2832 | D:3      | Found a sacrificial altar of Ru.
  2879 | D:4      | Noticed a phantom
  2903 | D:4      | XOM: enchant monster (good)
  2906 | D:4      | Killed a phantom
  3023 | D:4      | Reached XP level 6. HP: 48/48 MP: 6/6
  3026 | D:4      | Found an ancient bone altar of Kikubaaqudgha.
  3315 | D:4      | Found a broken altar of Ashenzari.
  3319 | D:4      | Noticed Edmund
  3337 | D:4      | Killed Edmund
  3338 | D:4      | Reached skill level 5 in Fighting
  3345 | D:4      | Fell from the grace of Xom
  3345 | D:4      | Became a worshipper of Ashenzari the Shackled
  3648 | D:4      | XOM: divination: detect creatures
  3693 | D:4      | Reached XP level 7. HP: 54/56 MP: 7/7
  3703 | D:4      | XOM: noise
  3895 | D:4      | XOM: summons 1 hostile shadow creature
  3902 | D:5      | Entered Level 5 of the Dungeon
  3925 | D:5      | XOM: summons 4 hostile shadow creatures
  4133 | D:4      | XOM: summons 14 hostile demons
  4134 | D:4      | Noticed a neqoxec
  4400 | D:4      | XOM: summons 3 hostile shadow creatures
  4591 | D:5      | XOM: 1-stop teleportation journey
  4600 | D:5      | Reached skill level 1 in Evocations
  4677 | D:5      | XOM: 1-stop teleportation journey
  4747 | D:5      | XOM: 3-stop teleportation journey
  5037 | D:5      | XOM: 2-stop teleportation journey
  5582 | D:5      | Reached * piety under Ashenzari
  5582 | D:5      | Identified a scroll of acquirement
  5585 | D:5      | Acquired the +1 pair of gloves of Qazlal, Inviting {Int+4}
  5746 | D:5      | Reached skill level 10 in Polearms
  5746 | D:5      | Reached XP level 8. HP: 59/62 MP: 8/8
  6925 | D:6      | XOM: 1-stop teleportation journey
  7136 | D:6      | XOM: torment (9/63 hp)
  7296 | D:6      | XOM: noise
  7408 | D:6      | Reached XP level 9. HP: 61/69 MP: 9/9
  7459 | D:6      | Noticed Duvessa
  7461 | D:6      | Noticed Dowan
  7471 | D:6      | Killed Duvessa
  7476 | D:6      | Killed Dowan
  7894 | D:6      | Found a staircase to the Ecumenical Temple.
  7989 | Temple   | XOM: noise
  7989 | Temple   | Entered the Ecumenical Temple
  8007 | D:6      | XOM: summons 14 hostile demons
  8402 | D:7      | Found a shimmering altar of Xom.
  8416 | D:7      | Found a sand-covered staircase.
  8422 | Ossuary  | Entered an ossuary
  8424 | Ossuary  | Reached ** piety under Ashenzari
  8623 | Ossuary  | Reached skill level 5 in Evocations
  8879 | D:7      | Reached skill level 1 in Shields
  8985 | D:7      | Noticed Joseph
  8993 | D:7      | Killed Joseph
  9061 | D:7      | XOM: 4-stop teleportation journey
  9132 | D:7      | Reached XP level 10. HP: 79/79 MP: 10/10
  9218 | D:7      | XOM: torment (41/79 hp)
 10141 | D:8      | XOM: noise
 10306 | D:7      | XOM: god gift: 50 gold pieces
 10524 | D:8      | Found a shimmering blue altar of Sif Muna.
 10663 | D:8      | Reached *** piety under Ashenzari
 10861 | D:8      | Reached skill level 1 in Summonings
 10908 | D:8      | Noticed Prince Ribbit
 10936 | D:8      | Killed Prince Ribbit
 10937 | D:8      | Reached skill level 1 in Spellcasting
 10994 | D:8      | Found a sparkling altar of Nemelex Xobeh.
 11095 | D:8      | Found Wableth's Distillery.
 11202 | D:8      | Identified the ring of Virizeu Cefe {rElec AC+4 Int+4
                  | Stlth+}
 11430 | D:8      | Bought a potion of enlightenment for 60 gold pieces
 11430 | D:8      | Bought a potion of berserk rage for 60 gold pieces
 11430 | D:8      | Bought 2 potions of heal wounds for 120 gold pieces
 11548 | D:9      | Reached skill level 5 in Shields
 11595 | D:9      | XOM: cloud trail
 11927 | D:9      | Learned a level 5 spell: Summon Mana Viper
 12031 | D:9      | Reached skill level 1 in Hexes
 13306 | D:10     | Entered Level 10 of the Dungeon
 13353 | D:10     | Reached **** piety under Ashenzari
 13363 | D:10     | Reached XP level 11. HP: 82/84 MP: 13/15
 13411 | D:10     | Found a flagged portal.
 13415 | Bailey   | Entered a bailey
 13547 | Bailey   | XOM: silly message
 14295 | D:10     | Reached skill level 5 in Summonings
 14373 | D:10     | XOM: silly message
 14373 | D:10     | Was forgiven by Xom
 14379 | D:10     | Found a staircase to the Lair.
 14772 | D:11     | Found a staircase to the Orcish Mines.
 15247 | D:11     | Reached skill level 5 in Hexes
 15332 | D:11     | Noticed a cyclops
 15345 | D:11     | Killed a cyclops
 15439 | D:11     | Noticed an ogre mage
 15445 | D:11     | Killed an ogre mage
 15455 | D:11     | Noticed a cyclops
 15542 | D:11     | Noticed a centaur warrior
 15565 | D:11     | Killed a centaur warrior
 15615 | D:11     | Killed a cyclops
 15943 | D:11     | Noticed an arcanist
 15944 | D:11     | Noticed a cyclops
 15952 | D:11     | Noticed a two-headed ogre
 15966 | D:11     | Killed a two-headed ogre
 15994 | D:11     | Noticed a manticore
 16006 | D:11     | Noticed a manticore
 16015 | D:11     | a manticore changed into a snapping turtle
 16091 | D:11     | Noticed a purple ugly thing
 16104 | D:11     | Noticed an ettin
 16110 | D:11     | Noticed an ettin
 16111 | D:11     | Noticed a salamander
 16124 | D:11     | Killed an ettin
 16170 | D:11     | Noticed a cyclops
 16251 | D:11     | Killed a manticore
 16252 | D:11     | Reached XP level 12. HP: 91/91 MP: 9/19
 16343 | D:11     | Reached skill level 5 in Spellcasting
 16368 | D:11     | Identified the +6 orcbow of Agony {elec, rElec SInv}
 16578 | D:11     | Learned a level 7 spell: Monstrous Menagerie
 16624 | Lair:1   | Entered Level 1 of the Lair of Beasts
 17252 | Lair:1   | Found a large runed translucent door.
 17252 | Lair:1   | Found a large runed translucent door.
 17256 | Lair:1   | Noticed LDflipp's ghost (journeyman KoBr)
 17623 | Lair:1   | Killed LDflipp's ghost
 17624 | Lair:1   | Reached skill level 10 in Summonings
 17699 | Lair:2   | Identified the +1 robe "Jaisec" {rC+}
 17760 | Lair:2   | Found a staircase to the Shoals.
 17936 | Lair:2   | Noticed a six-headed hydra
 17947 | Lair:2   | Killed a six-headed hydra
 18044 | Lair:2   | Reached ***** piety under Ashenzari
 18354 | Lair:2   | Reached XP level 13. HP: 101/101 MP: 19/24
 19525 | Lair:3   | Upgraded the game from 0.32-a0-33-g74fbe469d6 to
                  | 0.32-a0-35-gd9ff480968
 19830 | Lair:3   | Found a runed translucent door.
 20020 | Lair:3   | Found a hole to the Spider Nest.
 20351 | Lair:3   | Noticed Xoh Arhiasm's ghost (journeyman TrWr)
 20369 | Lair:3   | Killed Xoh Arhiasm's ghost
 20910 | Lair:4   | Found a staircase to the Slime Pits.
 20952 | Lair:4   | Found a viscous altar of Jiyva.
 21750 | Lair:5   | Entered Level 5 of the Lair of Beasts
 21816 | Lair:5   | Found a frozen archway.
 21977 | IceCv    | Entered an ice cave
 23427 | IceCv    | Found an ancient bone altar of Kikubaaqudgha.
 23449 | IceCv    | Reached XP level 14. HP: 110/110 MP: 4/28
 24679 | Lair:5   | Learned a level 4 spell: Dispel Undead
 24843 | Lair:5   | Reached skill level 1 in Necromancy
 25908 | Lair:5   | Noticed a dire elephant
 25921 | Lair:5   | Killed a dire elephant
 26591 | Orc:1    | Entered Level 1 of the Orcish Mines
 26691 | Orc:1    | Noticed Harold
 26707 | Orc:1    | Killed Harold
 26716 | Orc:1    | Reached skill level 10 in Spellcasting
 27202 | Orc:1    | Found Soriorr's Magic Scroll Boutique.
 27363 | Orc:1    | Bought a scroll of blinking for 105 gold pieces
 27622 | Orc:2    | Entered Level 2 of the Orcish Mines
 27655 | Orc:2    | Noticed Azrael
 27789 | Orc:2    | Killed Azrael
 28145 | Orc:2    | Found a staircase to the Elven Halls.
 28488 | Orc:2    | Reached XP level 15. HP: 115/115 MP: 13/32
 28489 | Orc:2    | Noticed Maurice
 28674 | Orc:2    | Noticed Rupert
 28827 | Orc:2    | Killed Maurice
 29391 | Orc:2    | Found Xiad Pui's Book Boutique.
 29391 | Orc:2    | Found Reimices's Book Boutique.
 29392 | Orc:2    | Found Uqaor's Antique Weapon Boutique.
 29392 | Orc:2    | Found Koss's Magic Scroll Shop.
 29440 | Orc:2    | Bought a scroll of teleportation for 42 gold pieces
 29440 | Orc:2    | Bought a scroll of teleportation for 42 gold pieces
 29452 | Orc:2    | Learned a level 4 spell: Martyr's Knell
 29694 | Orc:2    | Killed Rupert
 30138 | Orc:2    | Bought a book of the Dragon for 714 gold pieces
 30512 | D:12     | Found Devywy's Antique Weapon Emporium.
 30579 | D:12     | Bought a jewelled dagger for 168 gold pieces
 30579 | D:12     | Identified the +5 dagger "Affughos" {freeze, Will+} (You
                  | bought it in a shop on level 12 of the Dungeon)
 30600 | D:12     | Found Uciap's Antique Armour Shoppe.
 31552 | D:13     | Noticed Josephine
 31562 | D:13     | Killed Josephine
 32374 | D:13     | Noticed Kirke
 32417 | D:13     | Killed Kirke
 33207 | D:14     | Learned a level 9 spell: Dragon's Call
 33430 | D:14     | Found a gate to the Vaults.
 34198 | D:14     | Reached XP level 16. HP: 124/124 MP: 22/36
 34690 | D:15     | Entered Level 15 of the Dungeon
 35135 | D:15     | Noticed Agnes
 35144 | D:15     | Killed Agnes
 35189 | D:15     | Reached skill level 10 in Fighting
 35407 | D:15     | Found a shimmering altar of Xom.
 35930 | D:15     | Identified the +1 scale mail of Beogh's Castigation {rF++
                  | rCorr Str-4 Stlth+}
 35943 | D:15     | Noticed Louise
 35958 | D:15     | Noticed Jorgrun
 35960 | D:15     | Killed Louise
 35968 | D:15     | Killed Jorgrun
 36206 | D:15     | Found a staircase to the Depths.
 36446 | D:15     | Found a staircase to the Depths.
 36540 | D:15     | Found a shimmering altar of Xom.
 36979 | Shoals:1 | Entered Level 1 of the Shoals
 38107 | Shoals:1 | Identified the +6 spear of Lust {flame, +Blink rC+ Will+}
 39087 | Shoals:2 | Reached skill level 5 in Armour
 40230 | Shoals:2 | Reached XP level 17. HP: 133/142 MP: 24/38
 40391 | Shoals:2 | Found Wimy's General Store.
 40760 | Shoals:3 | Identified the +1 leather armour of the Grey Skies {rElec
                  | Will+ rCorr Int+3}
 42119 | Shoals:4 | Entered Level 4 of the Shoals
 43882 | Shoals:4 | Learned a level 5 spell: Yara's Violent Unravelling
 44246 | Shoals:4 | Identified the ring "Luqupp" {Str+3 Int+6}
 45153 | Shoals:4 | Noticed a sphinx
 45166 | Shoals:4 | Killed a sphinx
 45558 | Shoals:4 | Noticed a kraken
 45576 | Shoals:4 | Killed a kraken
 45791 | Shoals:4 | Got a barnacled rune of Zot
 46801 | Spider:1 | Entered Level 1 of the Spider Nest
 47386 | Spider:1 | Reached XP level 18. HP: 157/157 MP: 23/39
 48182 | Spider:1 | Reached ****** piety under Ashenzari
 49627 | Spider:2 | Reached skill level 1 in Throwing
 51192 | Spider:2 | Reached skill level 10 in Shields
 52212 | Spider:3 | Noticed Arachne
 52219 | Spider:3 | Killed Arachne
 53718 | Spider:4 | Entered Level 4 of the Spider Nest
 54750 | Spider:4 | Reached skill level 5 in Throwing
 55419 | Spider:4 | Learned a level 5 spell: Borgnjor's Vile Clutch
 55569 | Spider:4 | Reached skill level 1 in Earth Magic
 56791 | Spider:4 | Reached XP level 19. HP: 163/163 MP: 23/40
 57576 | Spider:4 | Got a gossamer rune of Zot
 58000 | Elf:1    | Entered Level 1 of the Elven Halls
 58091 | Elf:1    | Found Quheibol's Magic Scroll Shoppe.
 58150 | Elf:1    | Bought 3 scrolls of fog for 192 gold pieces
 58191 | Elf:1    | Found a shimmering blue altar of Sif Muna.
 58293 | Elf:1    | Found Tuiptur's Armour Boutique.
 58382 | Elf:1    | Found Remiuh's Antique Weapon Shoppe.
 58488 | Elf:1    | Found Hereinoq's Antique Armour Emporium.
 58498 | Elf:1    | Bought the +3 pair of mountain boots {steadfast, rC+} for
                  | 770 gold pieces
 58498 | Elf:1    | Found the +3 pair of mountain boots {steadfast, rC+}
 58544 | Elf:1    | Learned a level 4 spell: Iskenderun's Mystic Blast
 58722 | Elf:1    | Reached skill level 1 in Conjurations
 58975 | Elf:1    | Found Bargh's Jewellery Boutique.
 59514 | Elf:1    | Found a huge runed translucent gate.
 59514 | Elf:1    | Found a huge runed translucent gate.
 59515 | Elf:1    | Found a huge runed translucent gate.
 59516 | Elf:1    | Found a huge runed translucent gate.
 59516 | Elf:1    | Found a huge runed translucent gate.
 59516 | Elf:1    | Found a huge runed translucent gate.
 59516 | Elf:1    | Found a huge runed translucent gate.
 59516 | Elf:1    | Found a huge runed translucent gate.
 59516 | Elf:1    | Found a huge runed translucent gate.
 59516 | Elf:1    | Found a huge runed translucent gate.
 59516 | Elf:1    | Found a huge runed translucent gate.
 59517 | Elf:1    | Found a huge runed translucent gate.
 59517 | Elf:1    | Found a huge runed translucent gate.
 59517 | Elf:1    | Found a huge runed translucent gate.
 59517 | Elf:1    | Found a huge runed translucent gate.
 59517 | Elf:1    | Found a huge runed translucent gate.
 59517 | Elf:1    | Found a huge runed translucent gate.
 59518 | Elf:1    | Found a huge runed translucent gate.
 59518 | Elf:1    | Found a huge runed translucent gate.
 59518 | Elf:1    | Found a huge runed translucent gate.
 60208 | Elf:1    | Bought a steaming robe for 131 gold pieces
 60208 | Elf:1    | Identified the +0 robe of Biopas {Harm rN++ Will+ Str-4}
                  | (You bought it in a shop on level 1 of the Elven Halls)
 60336 | Elf:2    | Reached skill level 5 in Earth Magic
 61286 | Elf:2    | Found a runed translucent gate.
 61287 | Elf:2    | Found a runed translucent gate.
 61287 | Elf:2    | Found a runed translucent gate.
 62770 | Elf:3    | Entered Level 3 of the Elven Halls
 63916 | Elf:3    | Identified the ring "Fuluzouq" {Fire rPois MP+9}
 64077 | Elf:3    | Reached XP level 20. HP: 168/170 MP: 6/41
 64959 | Elf:3    | Identified the +9 great sword "Jonoomy" {freeze, rElec
                  | rPois Int-5 SInv}
 65094 | Elf:3    | Reached skill level 5 in Dodging
 65883 | Elf:3    | Identified the +1 leather armour of Vehumet {Dex+5}
 65929 | Elf:3    | Identified the ring of Uklol {rN+ EV+5}
 66358 | Elf:3    | Identified the Almanac of Polar Ceraunoscopy
 66375 | Elf:3    | Identified the +8 tower shield "Xaiwnasi" {rElec rN+ Str+3
                  | Int-5}
 66378 | Elf:3    | Identified the Textbook on the Mesa
 66875 | Vaults:1 | Entered Level 1 of the Vaults
 66931 | Vaults:1 | Found Moeguga's Distillery.
 66952 | Vaults:1 | Found Wafuc's Jewellery Shoppe.
 66964 | Vaults:1 | Found Xemeh's Jewellery Boutique.
 67147 | Vaults:1 | Found a crumbling gateway.
 67154 | Desolati | Entered the Desolation of Salt
 67197 | Desolati | Identified the +10 trident of Massacring {flame, rElec
                  | rPois rC+ Str+3}
 67203 | Desolati | Reached skill level 10 in Armour
 67395 | Desolati | Found the +5 robe of Night {Dark Will+ SInv}
 67396 | Desolati | Identified the Disquisition on Unholy Spells
 67396 | Desolati | Identified the +0 chain mail "Otaiwn" {rC+ Regen+}
 67642 | Desolati | Found the +8 Wrath of Trog {antimagic, *Rage Rampage}
 67660 | Desolati | Learned a level 1 spell: Apportation
 67679 | Desolati | Reached skill level 1 in Translocations
 67787 | Desolati | Identified the Grimoire of the Lonely Bones
 67787 | Desolati | Identified the Lessons on Hazy Companions
 67789 | Desolati | Identified the Guidebook on the Called Sphinx
 67993 | Desolati | Identified the +0 quick blade of Uncertain Death {drain,
                  | rF+ rN+ Will-}
 68227 | Vaults:1 | Bought an amulet of regeneration for 480 gold pieces
 68457 | Vaults:1 | Noticed a dread lich
 68457 | Vaults:1 | Identified the ring "Waczaamo" {Wiz rN+ Will+ Str+3}
 68470 | Vaults:1 | Killed a dread lich
 68474 | Vaults:1 | Reached XP level 21. HP: 177/177 MP: 11/42
 68485 | Vaults:1 | Identified the ring "Riamino" {rPois Will- Int+7}
 70183 | Vaults:2 | Found Meri's Weapon Shoppe.
 70479 | Vaults:2 | Found Nyen's Magic Scroll Emporium.
 70499 | Vaults:2 | Reached skill level 5 in Translocations
 70898 | Vaults:2 | Found Urhopheu's Distillery.
 71425 | Vaults:2 | Reached skill level 10 in Earth Magic
 71777 | Vaults:2 | Found Faelilaovo's Jewellery Emporium.
 71997 | Vaults:2 | Found Zadam's Book Shop.
 72001 | Vaults:2 | Bought a book of Transmutation for 364 gold pieces
 72007 | Vaults:2 | Learned a level 5 spell: Irradiate
 72217 | Vaults:2 | Reached skill level 1 in Alchemy
 72331 | Vaults:3 | Reached skill level 5 in Conjurations
 72515 | Vaults:3 | Reached skill level 5 in Alchemy
 72529 | Vaults:3 | Reached XP level 22. HP: 173/184 MP: 14/43
 72572 | Vaults:3 | Identified the ring of Zesyrr {Fly rF+ rN+ rCorr Int-4}
 73285 | Vaults:3 | Identified the +1 chain mail of the Jumping Gods {Harm
                  | Will- rCorr Str+2}
 73311 | Vaults:3 | Found a staircase to the Crypt.
 75784 | Vaults:4 | Noticed Mara
 75795 | Vaults:4 | Killed Mara
 76437 | Vaults:4 | Found Kegex's Assorted Antiques.
 76441 | Vaults:4 | Bought a potion of cancellation for 184 gold pieces
 76441 | Vaults:4 | Bought a scroll of teleportation for 69 gold pieces
 76441 | Vaults:4 | Bought a scroll of immolation for 92 gold pieces
 76785 | Depths:1 | Entered Level 1 of the Depths
 76785 | Depths:1 | Found a broken altar of Ashenzari.
 77289 | Depths:1 | Noticed Sojobo
 77299 | Depths:1 | Killed Sojobo
 77465 | Depths:1 | Reached skill level 10 in Dodging
 77665 | Depths:1 | Noticed Nikola
 77669 | Depths:1 | Killed Nikola
 77768 | Depths:1 | Identified the +6 sling of Noon {elec, Str+4}
 77768 | Depths:1 | Identified the staff of Trial by Ordeal {rPois Summ
                  | Alchemy}
 78120 | Depths:1 | Reached XP level 23. HP: 183/194 MP: 25/46
 78262 | Depths:1 | Learned a level 2 spell: Sublimation of Blood
 78262 | Depths:1 | Found a gateway to Hell.
 78441 | Depths:1 | Found a one-way gateway to a ziggurat.
 78682 | Depths:1 | Found a one-way gate to the infinite horrors of the Abyss.
 78935 | Depths:2 | Noticed Saint Roka
 78941 | Depths:2 | Noticed the Enchantress
 79179 | Depths:2 | Killed the Enchantress
 79453 | Depths:2 | Found a one-way gate leading to the halls of Pandemonium.
 79476 | Depths:2 | Noticed Boris
 79483 | Depths:2 | Killed Boris
 80000 | Depths:2 | Found a sparkling altar of Nemelex Xobeh.
 80661 | Depths:2 | Identified the Directory of the Tektite and Fascination
 80673 | Depths:2 | Noticed Lech's ghost (adept DECj)
 80750 | Depths:2 | Killed Saint Roka
 80758 | Depths:2 | Found Paosij's Overcharged Wands.
 81053 | Depths:2 | Found a runed translucent gate.
 81053 | Depths:2 | Found a runed translucent gate.
 81055 | Depths:2 | Found a runed translucent gate.
 81068 | Depths:2 | Identified the Verses on Mortification and Orogeny
 81394 | Depths:2 | Killed Lech's ghost
 81574 | Depths:2 | Found a sparkling altar of Nemelex Xobeh.
 81619 | Depths:2 | Found a one-way gate leading to the halls of Pandemonium.
 81739 | Depths:2 | Found Paosij's Overcharged Wands.
 82168 | Depths:3 | Noticed Jory
 82428 | Depths:3 | Identified the orb of the Kitsune {*channel, Dex+5}
 82428 | Depths:3 | Noticed Frederick
 82436 | Depths:3 | Killed Frederick
 82602 | Depths:3 | Noticed Parghit
 82610 | Depths:3 | Killed Parghit
 82834 | Depths:3 | Noticed Vv
 82847 | Depths:3 | Killed Vv
 83083 | Depths:3 | Noticed Margery
 83087 | Depths:3 | Killed Margery
 83088 | Depths:3 | Reached XP level 24. HP: 162/202 MP: 11/46
 83285 | Depths:3 | Killed Jory
 83326 | Depths:3 | Noticed a caustic shrike
 83329 | Depths:3 | Reached skill level 10 in Evocations
 83332 | Depths:3 | Killed a caustic shrike
 83773 | Depths:3 | Learned a level 5 spell: Lee's Rapid Deconstruction
 84256 | Depths:4 | Entered Level 4 of the Depths
 84680 | Depths:4 | Found a gate to the Realm of Zot.
 84857 | Depths:4 | Found a white marble altar of Elyvilon.
 84861 | Depths:4 | Found a glowing silver altar of Zin.
 84862 | Depths:4 | Found a glowing golden altar of the Shining One.
 85216 | Depths:4 | Found Adi Haor's Antique Weapon Boutique.
 85284 | Depths:4 | Gained mutation: You are weak. (Str -2) [mutagenic glow]
 85571 | Depths:4 | Lost mutation: You are weak. (Str -2) [potion of mutation]
 85571 | Depths:4 | Gained mutation: Your natural rate of healing is unusually
                  | fast. [potion of mutation]
 85571 | Depths:4 | Gained mutation: You possess an exceptional clarity of
                  | mind. [potion of mutation]
 85653 | Depths:3 | Voluntarily entered the Abyss.
 85675 | Abyss:1  | Learned a level 3 spell: Passwall
 85792 | Abyss:1  | Found a corrupted altar of Lugonu.
 86016 | Abyss:2  | Noticed a dread lich
 86060 | Depths:3 | Escaped the Abyss
 86154 | Depths:3 | Voluntarily entered the Abyss.
 86173 | Abyss:2  | Killed a dread lich
 86188 | Abyss:2  | Found a corrupted altar of Lugonu.
 86252 | Abyss:4  | Found a corrupted altar of Lugonu.
 86373 | Abyss:4  | Got an abyssal rune of Zot
 86377 | Depths:3 | Escaped the Abyss
 86598 | Zot:1    | Entered Level 1 of the Realm of Zot
 87044 | Orc:2    | Bought a scroll of blinking for 105 gold pieces
 87044 | Orc:2    | Bought a scroll of revelation for 105 gold pieces
 87267 | Vaults:1 | Bought a potion of curing for 45 gold pieces
 87267 | Vaults:1 | Bought a potion of curing for 45 gold pieces
 87267 | Vaults:1 | Bought a potion of heal wounds for 75 gold pieces
 87267 | Vaults:1 | Bought a potion of heal wounds for 75 gold pieces
 87267 | Vaults:1 | Bought a potion of mutation for 120 gold pieces
 87267 | Vaults:1 | Bought a potion of heal wounds for 75 gold pieces
 87267 | Vaults:1 | Bought a potion of enlightenment for 75 gold pieces
 87494 | D:8      | Bought a potion of heal wounds for 60 gold pieces
 87494 | D:8      | Bought a potion of curing for 36 gold pieces
 87494 | D:8      | Bought a potion of mutation for 96 gold pieces
 87494 | D:8      | Bought 2 potions of curing for 72 gold pieces
 87494 | D:8      | Bought a potion of heal wounds for 60 gold pieces
 87801 | Vaults:2 | Bought a potion of cancellation for 176 gold pieces
 87801 | Vaults:2 | Bought a potion of curing for 66 gold pieces
 87801 | Vaults:2 | Bought a potion of invisibility for 176 gold pieces
 87801 | Vaults:2 | Bought a potion of curing for 66 gold pieces
 87801 | Vaults:2 | Bought a potion of haste for 220 gold pieces
 87801 | Vaults:2 | Bought 2 potions of mutation for 352 gold pieces
 87801 | Vaults:2 | Bought a potion of enlightenment for 110 gold pieces
 87824 | Vaults:2 | Bought a scroll of immolation for 60 gold pieces
 87824 | Vaults:2 | Bought a scroll of teleportation for 45 gold pieces
 87824 | Vaults:2 | Bought a scroll of teleportation for 45 gold pieces
 87824 | Vaults:2 | Bought a scroll of poison for 60 gold pieces
 87824 | Vaults:2 | Bought 3 scrolls of immolation for 180 gold pieces
 88157 | Zot:1    | Reached XP level 25. HP: 198/208 MP: 21/46
 89152 | Zot:5    | Entered Level 5 of the Realm of Zot
 89805 | Zot:5    | Reached skill level 5 in Stealth
 90339 | Zot:5    | Noticed a Killer Klown
 90344 | Zot:5    | Killed a Killer Klown
 90351 | Zot:5    | Noticed a Killer Klown
 90365 | Zot:5    | Killed a Killer Klown
 90379 | Zot:5    | Noticed an orb of fire
 90391 | Zot:5    | Killed an orb of fire
 90436 | Zot:5    | Noticed an ancient lich
 90445 | Zot:5    | Killed an ancient lich
 90517 | Zot:5    | Reached skill level 10 in Stealth
 90535 | Zot:5    | Noticed a Killer Klown
 90535 | Zot:5    | Noticed an orb of fire
 90542 | Zot:5    | Noticed an orb of fire
 90543 | Zot:5    | Gained mutation: Your health recovers twice as slowly from
                  | being drained. [an orb of fire]
 90545 | Zot:5    | Gained mutation: You are occasionally teleported next to
                  | monsters. [an orb of fire]
 90550 | Zot:5    | Killed a Killer Klown
 90554 | Zot:5    | Killed an orb of fire
 90555 | Zot:5    | Reached skill level 10 in Throwing
 90557 | Zot:5    | Killed an orb of fire
 90565 | Zot:5    | Lost mutation: Your natural rate of healing is unusually
                  | fast. [potion of mutation]
 90565 | Zot:5    | Lost mutation: You possess an exceptional clarity of mind.
                  | [potion of mutation]
 90565 | Zot:5    | Lost mutation: You are occasionally teleported next to
                  | monsters. [potion of mutation]
 90565 | Zot:5    | Gained mutation: Your spells are a little harder to cast,
                  | but a little more powerful. [potion of mutation]
 90565 | Zot:5    | Gained mutation: You have a somewhat thin skeletal
                  | structure. (Dex +2, Stealth+) [potion of mutation]
 90733 | Zot:5    | Noticed an orb of fire
 90743 | Zot:5    | Killed an orb of fire
 90840 | Zot:5    | Reached XP level 26. HP: 216/216 MP: 30/46
 90899 | Zot:5    | Got the Orb of Zot
 91297 | D:12     | Noticed Tauthrorch the pandemonium lord
 91490 | D:$      | Escaped with the Orb!

Illustrated notes

Levels and vault maps discovered:
D:1:      sevenhm_arrival_forest_fort_small_4, layout_loops_corners,
          nicolae_ecumenical_lake_church, nrook_mini_vaults, minivault_24
D:2:      layout_basic, basic_altar
D:3:      layout_basic, general_overflow_altar, slow_altar_1,
          jmf_multi_god_temple2
D:4:      layout_basic, mainiacjoe_overflow_chevrons, mainiacjoe_overflow_paths,
          uniq_edmund
D:5:      layout_basic
D:6:      layout_rooms, lemuel_temple_firewalk_b, uniq_duvessa
D:7:      layout_basic, lemuel_crystal_altar, nicolae_ossuary_entry_plus,
          uniq_joseph
D:8:      layout_rooms, lemuel_round_altar, nemelex_diamond_rough_becter,
          serial_shops, nicolae_inconvenience_store,
          serial_library_hellmonk_open_cross, hangedman_decor_diamond_cutter,
          nicolae_benzene_ring, serial_bayou_pond_a, uniq_prince_ribbit1
D:9:      layout_loops_ring, hangedman_misty_isle
D:10:     layout_rooms, lair_entry_dummy, enter_bailey_4
D:11:     minmay_tile_spiral, layout_rooms, hiddenorc1_lemuel,
          minmay_misc_feat_enclosed
D:12:     layout_grid_maze, serial_shops, kennysheep_little_box, shop
D:13:     layout_roguey [special_room_bee], hangedman_glass_teeth, uniq_kirke,
          uniq_josephine
D:14:     layout_grid_maze, david_vaults_4, chequers_serial_rivers_room_a
D:15:     grunt_enter_depths_magical_seal, layout_irregular_city,
          minmay_crystal_room, xom_teletrap_fun, uniq_jorgrun, uniq_louise,
          uniq_agnes
Temple:   nicolae_temple_god_jail
Lair:1:   layout_regular_city, ebering_ghost_disaster_area, lemuel_fruit_tree,
          serial_bayou_shore_b, infiniplex_staircase_pool_2
Lair:2:   layout_cave_pods, minmay_shoals_entry_lonely_mermaid, special_room
Lair:3:   layout_long_grid, spider_nest_entry_webs,
          ebering_ghost_reflecting_pool, chequers_serial_rivers_small_a,
          minivault_25, chequers_serial_rivers_marsh, st_stairs_12,
          chequers_serial_rivers_micro_c, chequers_serial_rivers_marsh
Lair:4:   layout_loops_ring, nicolae_slime_entry_slimehenge
Lair:5:   gammafunk_lair_ancient_temple, layout_concentric_octagons,
          portal_ice_cave_entry_ice_simulacra, guppyfry_lair_drakes
Shoals:1: layout_shoals, nicolae_shoals_so_close
Shoals:2: layout_shoals, serial_shops, nicolae_take_the_stairs
Shoals:3: layout_shoals
Shoals:4: shoals_end_hellmonk_lost_city
Spider:1: layout_cave_pods, nicolae_spider_bug_shape
Spider:2: layout_chambers
Spider:3: layout_spider_delve, uniq_arachne
Spider:4: grunt_spider_rune_parallel
Orc:1:    layout_diamond_mine, serial_shops, nicolae_shop_hallway_plus,
          mines1_david, uniq_harold
Orc:2:    st_orc_pillars, layout_diamond_mine, basic_altar,
          statue_in_the_mist_lemuel, abandoned_shop, uniq_maurice, uniq_rupert,
          uniq_azrael
Elf:1:    layout_geoelf_octagon, serial_shops, nicolae_shop_just_a_little_nook,
          shop, nicolae_shop_tiny_statue_garden, nicolae_shop_behind_doors,
          shop, hangedman_elf_represent, hex_large,
          hellmonk_sif_muna_bookshelves
Elf:2:    nicolae_elf_blades_crystal_corner, layout_geoelf_octagon
Elf:3:    grunt_elf_hall_asides, layout_geoelf_diagonals
Vaults:1: portal_desolation_entry_nicolae_forbidding_blocks,
          nicolae_vaults_you_can_take_it_with_you, hangedman_vaults_variations,
          v_misc_13, nicolae_vaults_tetromino_T_1,
          nicolae_vaults_trapezoid_lopsided_1, nicolae_vaults_asterisk,
          vaults_dpeg_diagonal, layout_vaults_omnigrid, serial_shops, shop,
          nicolae_shop_gaudy_bauble, shop
Vaults:2: v_pattern_5, v_misc_33, vaults_mumra_chevron,
          nicolae_vaults_cornered_office, dpeg_vaults_monster_box,
          vaults_standard_mumra_x, minmay_orc_keep,
          ontoclasm_vaults_claustrophobia, nicolae_vaults_prndl,
          nicolae_vaults_little_ls, nicolae_vaults_little_squares_3,
          layout_vaults_omnibox, serial_shops, shop, nicolae_book_shop_shelving,
          shop, nicolae_shop_window_shopping
Vaults:3: vaults_room_grid, v_misc_14, nicolae_vaults_shipping_containers_6,
          v_misc_8, hangedman_vaults_unwind, nicolae_vaults_tetromino_T_1,
          hangedman_vaults_maws, v_misc_3, v_misc_12, nicolae_vaults_what_the_h,
          nicolae_vaults_storage_closets_3, ontoclasm_vaults_gateway,
          layout_vaults_maze_snakey, dummy_crypt_entry
Vaults:4: hangedman_vaults_stagger, hangedman_vaults_corner_blocks, v_misc_11,
          vaults_standard_mumra_lines, ontoclasm_vaults_spin,
          hangedman_vaults_snaps, v_misc_3, nicolae_vaults_tetromino_Z_1,
          nooodl_orcs_dogs, nicolae_vaults_tetromino_T_2, v_misc_13,
          nicolae_vaults_theta, layout_vaults_omnicross, serial_shops,
          nicolae_shop_back_alley_shop, uniq_mara
Depths:1: layout_honeycomb, enter_ziggurat_f, abyss_entry_small_statue_room,
          grunt_hell_entry_demonic_statue, cheibrodos_ashenzari_chains,
          serial_bayou, serial_bayou_shore_b, serial_bayou_lagoon_a,
          serial_bayou_pond_a, serial_bayou_ford_a, kilobyte_mutagenic_chamber,
          uniq_nikola, uniq_sojobo
Depths:2: regret_index_nemelex_summoning_deck_glade, layout_basic,
          minmay_misc_feat_tiny, hellmonk_ghost_time_enough,
          pf_hell_entry_tar_spiral, serial_glass, glass_columns_a,
          glass_columns_b, pan_entry, nicolae_shop_overcharged_wands,
          uniq_enchantress, uniq_boris, uniq_saint_roka, uniq_josephina
Depths:3: nooodl_heptagram, layout_cave_shapes, abyss_entry, hell_entry,
          infiniplex_staircase_zigzag_1, serial_bayou_shore_b, uniq_jory,
          uniq_parghit, uniq_frederick, uniq_margery, uniq_vv
Depths:4: grunt_crosshair, layout_small_grid, serial_shops, shop,
          rand_demon_pan_entry_4, good_gods_temple_1, pf_dread_powers_of_hell
Zot:1:    layout_gridlike
Zot:2:    layout_gridlike, grunt_megastairs_5
Zot:3:    layout_gridlike, regret_index_zotdec_silver_v_v_loose,
          grunt_ministairs_13
Zot:4:    layout_gridlike, regret_index_zotdec_zees, st_stairs_8
Zot:5:    layout_gridlike

Skill      XL: |  1  2  3  4  5  6  7  8  9 10 11 12 13 14 15 16 17 18 19 20 21 22 23 24 25 |
---------------+----------------------------------------------------------------------------+-----
Stealth        | 2 4 11 | 11.6
Armour         | 1 2 5 6 8 11 14 | 14.9
Polearms       | 5 6 7 8 10 12 13 14 | 14.9
Fighting       | 4 5 7 8 12 14 | 14.9
Evocations     | 3 4 5 6 7 9 11 12 | 12.6
Shields        | 3 5 7 8 11 13 14 | 14.9
Summonings     | 4 7 11 14 | 14.9
Spellcasting   | 2 4 5 7 11 14 | 14.9
Hexes          | 3 7 8 |  8.8
Necromancy     | 2 3 4 |  4.9
Throwing       | 5 6 10 | 10.8
Earth Magic    | 2 7 10 11 12 | 12.3
Conjurations   | 4 5 9 |  9.3
Dodging        | 4 7 10 12 14 | 14.9
Translocations | 2 6 |  6.7
Alchemy        | 7 9 |  9.0

Action                     |  1- 3 |  4- 6 |  7- 9 | 10-12 | 13-15 | 16-18 | 19-21 | 22-24 | 25-27 || total
---------------------------+-------+-------+-------+-------+-------+-------+-------+-------+-------++-------
  Melee: Spear             |   109 |   140 |   261 |    10 |       |       |       |       |       ||   520
         Trident           |       |     8 |   180 |   809 |   460 |    21 |       |       |       ||  1478
         Punch             |       |       |     4 |       |       |       |       |       |       ||     4
         Tailslap          |       |       |       |     1 |       |       |       |     5 |       ||     6
         Demon trident     |       |       |       |       |       |   321 |   354 |   330 |    74 ||  1079
  Throw: Stone             |     2 |     4 |    22 |    42 |       |       |       |       |       ||    70
         Dart              |       |       |       |     3 |       |       |       |       |       ||     3
         Throwing net      |       |       |       |     1 |       |       |     1 |       |       ||     2
         Boomerang         |       |       |       |     6 |    20 |     2 |    52 |     8 |     6 ||    94
   Cast: Summon Mana Viper |       |       |       |    34 |    52 |    16 |    13 |     2 |     1 ||   118
         Monstrous Menager |       |       |       |       |   232 |   361 |   137 |    34 |    21 ||   785
         Martyr's Knell    |       |       |       |       |     9 |    96 |    37 |    23 |    14 ||   179
         Borgnjor's Vile C |       |       |       |       |       |       |   133 |    60 |    27 ||   220
         Dragon's Call     |       |       |       |       |       |       |    18 |    61 |    14 ||    93
         Apportation       |       |       |       |       |       |       |       |     3 |     7 ||    10
         Irradiate         |       |       |       |       |       |       |       |    11 |     5 ||    16
         Sublimation of Bl |       |       |       |       |       |       |       |    21 |    39 ||    60
         Dispel Undead     |       |       |       |       |       |       |       |     6 |     5 ||    11
         Passwall          |       |       |       |       |       |       |       |     6 |     5 ||    11
 Invoke: Curse Item        |       |       |     3 |     6 |     3 |     3 |     3 |     2 |       ||    20
         Shatter the Chain |       |       |       |     1 |     2 |     3 |     3 |     1 |       ||    10
  Evoke: Wand              |       |       |    17 |    39 |    17 |     1 |    12 |    16 |     7 ||   109
         Phial of floods   |       |       |       |     1 |     2 |     2 |     1 |     1 |       ||     7
         Phantom mirror    |       |       |       |       |     3 |     3 |       |       |       ||     6
         Box of beasts     |       |       |       |       |       |     3 |       |       |       ||     3
         Lightning rod     |       |       |       |       |       |     4 |     9 |       |     4 ||    17
         Condenser vane    |       |       |       |       |       |       |     3 |     2 |     1 ||     6
    Use: Scroll            |       |     6 |     5 |     2 |     6 |    10 |     5 |     5 |     5 ||    44
         Potion            |       |       |     2 |       |       |     1 |     2 |    10 |    10 ||    25
   Stab: Sleeping          |     5 |     4 |     7 |     7 |       |       |       |       |       ||    23
         Petrified         |     6 |       |       |       |       |       |       |       |       ||     6
         Paralysed         |       |     3 |     2 |    19 |    10 |     1 |     1 |     4 |       ||    40
         Distracted        |       |     1 |       |     3 |    14 |    16 |    12 |    13 |     6 ||    65
         Held in net/web   |       |     1 |       |       |       |       |     1 |       |       ||     2
         Confused          |       |       |     4 |     2 |     1 |     2 |     1 |       |       ||    10
         Invisible         |       |       |       |       |       |     2 |       |       |       ||     2
 Armour: Leather armour    |    28 |    39 |   129 |   283 |   212 |   310 |   249 |   269 |    71 ||  1590
  Dodge: Dodged            |    34 |    48 |   158 |   187 |   156 |   172 |   156 |   209 |    59 ||  1179
  Block: Buckler           |       |       |     3 |    99 |    59 |    99 |    89 |   111 |    32 ||   492

Table legend: (Time is in decaauts)
 A = Elapsed time spent in this place.
 B = Non-inter-level travel time spent in this place.
 C = Inter-level travel time spent in this place.
 D = Time resting spent in this place.
 E = Time spent auto-exploring this place.
 F = Levels seen in this place.
 G = Mean time per level.
                   A        B        C        D        E       F      G
               +--------+--------+--------+--------+--------+-----+--------+
         Total |  89377 |  83207 |   6170 |  16350 |  50691 |  56 | 1596.0 |
       Dungeon |  23378 |  21109 |   2269 |   3669 |  13669 |  15 | 1558.5 |
        Temple |    204 |    204 |      0 |    200 |      0 |   1 |  204.0 |
          Lair |   7735 |   6998 |    737 |   1000 |   4727 |   5 | 1547.0 |
        Shoals |   9017 |   8706 |    311 |   1815 |   5265 |   4 | 2254.2 |
   Spider Nest |  10320 |   9885 |    435 |   3198 |   5306 |   4 | 2580.0 |
  Orcish Mines |   3669 |   3223 |    446 |    519 |   1952 |   2 | 1834.5 |
   Elven Halls |   8691 |   8398 |    293 |   2308 |   4666 |   3 | 2897.0 |
        Vaults |   9008 |   8263 |    745 |    362 |   6303 |   4 | 2252.0 |
        Depths |   9362 |   8484 |    878 |    404 |   6639 |   4 | 2340.5 |
           Zot |   3031 |   2978 |     53 |    852 |   1007 |   5 |  606.2 |
         Abyss |    589 |    589 |      0 |     84 |      0 |   5 |  117.8 |
       Ossuary |    267 |    267 |      0 |      0 |    100 |   1 |  267.0 |
        Bailey |    631 |    631 |      0 |    157 |    237 |   1 |  631.0 |
      Ice Cave |   2479 |   2479 |      0 |   1447 |    550 |   1 | 2479.0 |
    Desolation |    990 |    990 |      0 |    334 |    266 |   1 |  990.0 |
               +--------+--------+--------+--------+--------+-----+--------+

Top non-repeatable levels by time:
Spider:4: 4044 daAuts
Shoals:4: 4036 daAuts
   Elf:3: 3622 daAuts
Depths:1: 3201 daAuts
   Elf:2: 2832 daAuts
Depths:2: 2540 daAuts
Vaults:4: 2537 daAuts
     D:5: 2513 daAuts
   IceCv: 2479 daAuts
Vaults:1: 2454 daAuts
Spider:2: 2428 daAuts
   Orc:2: 2346 daAuts
    D:15: 2275 daAuts
Vaults:2: 2270 daAuts
   Elf:1: 2236 daAuts
